 Dungeon Crawl Stone Soup version 0.31-a0-1009-g454b1f1e0a (webtiles) character file.

Game seed: 7205395809827491205

16338 Ivernyr the Cruncher (level 12, -2/98 HPs)
             Began as a Formicid Fighter on Nov 15, 2023.
             Was a Believer of Wu Jian.
             Killed by divine providence
             ... invoked by a meliai
              (9 damage)
             ... on level 14 of the Dungeon.
             The game lasted 00:22:23 (12165 turns).

Ivernyr the Cruncher (Formicid Fighter)            Turns: 12165, Time: 00:22:23

Health: -2/98      AC: 22    Str: 32    XL:     12   Next: 68%
Magic:  12/12      EV:  8    Int:  8    God:    Wu Jian [**....]
Gold:   727        SH: 12    Dex: 13    Spells: 11/11 levels left

rFire   . . .        a - +0 quarterstaff (venom)
rCold   . . .        c - +0 buckler
rNeg    . . .        b - +5 plate armour {ponderous}
rPois   .            (helmet unavailable)
rElec   .            F - +0 cloak
rCorr   .            (no gloves)
SInv    +            i - +0 pair of boots
Will    +....        J - amulet of reflection Stlth
                     p - +6 ring of strength
HPRegen 0.36/turn    (no ring)
MPRegen 0.13/turn

%: reflection
@: slow
A: permanent stasis, dig shafts and tunnels, antennae 3, four strong arms
a: Dig, Shaft Self, Renounce Religion, Wall Jump


You were on level 14 of the Dungeon.
You worshipped Wu Jian.
Wu Jian was pleased with you.
You visited 2 branches of the dungeon, and saw 15 of its levels.
You also visited: Ossuary.

You collected 727 gold pieces.

Inventory:

Hand Weapons
 a - a +0 quarterstaff of venom (weapon)
Missiles
 K - 2 throwing nets
Armour
 b - a +5 plate armour of ponderousness (worn)
 c - a +0 buckler (worn)
 i - a +0 pair of boots (worn)
 F - a +0 cloak (worn)
Jewellery
 p - a +6 ring of strength (left hand)
 J - an amulet of reflection (around neck)
Wands
 q - a wand of flame (29)
 r - a wand of polymorph (4)
 A - a wand of mindburst (34)
 B - a wand of paralysis (11)
 E - a wand of roots (22)
Scrolls
 e - a scroll of immolation
 g - 2 scrolls of enchant weapon
 h - 4 scrolls of revelation
 l - a scroll of amnesia
 n - 4 scrolls of silence
 s - 2 scrolls of fear
 x - 4 scrolls of enchant armour {unknown}
 y - a scroll of fog
 D - 4 scrolls of vulnerability {unknown}
 H - 2 scrolls of summoning
 I - 3 scrolls of blinking {unknown}
Potions
 d - a potion of might
 f - a potion of attraction {unknown}
 j - a potion of berserk rage {unknown}
 k - 4 potions of ambrosia {unknown}
 m - 2 potions of haste {unknown}
 o - 5 potions of curing {unknown}
 v - 2 potions of heal wounds {unknown}
 w - 8 potions of degeneration {unknown}
 z - a potion of enlightenment {unknown}
 C - 5 potions of lignification {unknown}


   Skills:
 + Level 10.4 Fighting
 * Level 12.7 Staves
 + Level 10.3 Armour
 + Level 12.3 Shields


You had 11 spell levels left.
You didn't know any spells.
Your spell library contained the following spells:

 Spells                   Type           Power      Damage    Failure   Level
 Necrotise                Necr           0%         1d4       96%         1
 Summon Small Mammal      Summ           0%         N/A       96%         1
 Dazzling Flash           Conj/Hex       0%         N/A       100%        3
 Manifold Assault         Tloc           0%         N/A       100%        4
 Summon Ice Beast         Ice/Summ       0%         N/A       100%        4
 Agony                    Necr           0%         N/A       100%        5
 Freezing Cloud           Conj/Ice/Air   0%         6-21      100%        5
 Metabolic Englaciation   Hex/Ice        0%         N/A       100%        5
 Silence                  Hex/Air        0%         N/A       100%        5
 Spellforged Servitor     Conj/Summ      0%         N/A       100%        7
 Summon Hydra             Summ           0%         N/A       100%        7
 Blink                    Tloc           Unusable   N/A       N/A         2

Dungeon Overview and Level Annotations

Branches:
Dungeon (14/15)            Temple (1/1) D:7            Lair (0/5) D:10
    Orc (0/2) D:12        Ossuary (visited)
 Vaults: D:13-14

Altars:
Ashenzari
Cheibriados
Dithmenos
Elyvilon
Fedhas
Gozag
Hepliaklqana
Kikubaaqudgha
Makhleb
Nemelex Xobeh
Okawaru
Qazlal
Ru
Sif Muna
Trog
Uskayaw
Vehumet
Wu Jian
Xom
Yredelemnul
Zin
The Shining One

Shops:
D:5 ?[(   D:9 *


Innate Abilities, Weirdness & Mutations

You cannot be hasted, slowed, berserked, paralysed or teleported.
You can dig through walls and to a lower floor.
You have a pair of large antennae on your head. (SInv)
Your four strong arms can wield two-handed weapons with a shield.


Message History

The centaur warrior kicks you but does no damage.
You hit the vampire mosquito but do no damage.
The vampire mosquito is almost destroyed.
The meliai hits you but does no damage. You block the meliai's attack.
You block the vampire mosquito's attack.
The centaur warrior hits you with a +0 lajatang!
You block the centaur warrior's attack.
Unknown command.
You closely miss the vampire mosquito.
The vampire mosquito is almost destroyed.
The meliai hits you but does no damage. You block the meliai's attack.
The vampire mosquito bites you but does no damage.
You block the meliai's attack. The meliai stings you.
The meliai invokes the aid of its god against you.
Something smites you!
The centaur warrior hits you with a +0 lajatang.
* * * LOW HITPOINT WARNING * * *
The centaur warrior kicks you but does no damage.
The vampire mosquito bites you but does no damage.
You block the meliai's attack. The meliai stings you.
* * * LOW HITPOINT WARNING * * *
The vampire mosquito bites you but does no damage.
The centaur warrior hits you with a +0 lajatang!
* * * LOW HITPOINT WARNING * * *
The centaur warrior kicks you.
* * * LOW HITPOINT WARNING * * *
The meliai hits you with a +0 hand axe.
* * * LOW HITPOINT WARNING * * *
You block the meliai's attack.
You begin to dig a shaft.
You continue digging a shaft.
The vampire mosquito completely misses you.
The meliai hits you but does no damage. You block the meliai's attack.
You block the centaur warrior's attack.
The centaur warrior kicks you but does no damage.
The vampire mosquito bites you.
* * * LOW HITPOINT WARNING * * *
The vampire mosquito draws strength from your injuries!
The meliai calls down the wrath of its god upon you.
Something smites you!
You die...

#####.# #.....#
#.....+ #.....#
#.....# ##
#########>... ..#
#......##..####....
#......##..†y@#...
#..........##cy##...
#...........yy......
###.###......###....
#.# #####..###..#..
#.# ###..........
#.# #.....###.###
#.# #.....# #.#
#.....#


You could see a centaur warrior (very poisoned), a vampire mosquito and 3
meliai.

Vanquished Creatures
  A hydra (D:13)
  2 boulder beetles
  A centaur warrior (D:13)
  A two-headed ogre (D:7)
  A tengu warrior (D:13)
  Urug (D:10)
  A skeletal warrior (D:12)
  2 ugly things
  A cyclops (D:13)
  2 manticores
  4 unseen horrors
  Jeremiah (D:9)
  2 ice devils (D:13)
  2 trolls
  Prince Ribbit (D:7)
  A wyvern (D:9)
  A vampire (D:12)
  2 wraiths (D:12)
  6 yaks
  2 steam dragons
  3 wargs (D:12)
  6 vampire mosquitoes
  Menkaure (D:7)
  4 water moccasins
  3 black bears
  3 sky beasts
  An ice beast (D:4)
  3 orc warriors
  An ogre (D:6)
  5 centaurs
  A kobold brigand (D:8)
  5 bullfrogs
  2 scorpions
  14 wights
  A water moccasin zombie (Ossuary)
  5 killer bees (D:9)
  4 howler monkeys
  2 bullfrog zombies (Ossuary)
  5 centaur zombies (Ossuary)
  4 orc priests
  A hound (D:5)
  3 jellies
  A gnoll bouda (D:10)
  6 orc wizards
  2 iguanas (D:4)
  2 ogre zombies (Ossuary)
  Robin (D:2)
  9 gnolls
  4 adders
  2 shadow imps (D:5)
  A white imp (D:8)
  2 ufetubi (D:6)
  3 dart slugs
  17 orcs
  5 bats
  7 endoplasms
  4 giant cockroaches
  2 gnoll zombies (Ossuary)
  11 goblins
  6 hobgoblins
  8 jackals
  7 kobolds
  2 quokkas
  8 ball pythons
  4 frilled lizards
  A goblin zombie (Ossuary)
  5 hobgoblin zombies (Ossuary)
  4 orc zombies (Ossuary)
  5 rats
241 creatures vanquished.

Vanquished Creatures (others)
  A bullfrog (D:8)
1 creature vanquished.

Grand Total: 242 creatures vanquished

Notes
Turn   | Place    | Note
-------+----------+-------------------------------------------
     0 | D:1      | Ivernyr the Formicid Fighter began the quest for the Orb.
     0 | D:1      | Reached XP level 1. HP: 18/18 MP: 1/1
    65 | D:1      | Reached XP level 2. HP: 24/24 MP: 2/2
   599 | D:1      | Reached XP level 3. HP: 27/29 MP: 3/3
  1030 | D:2      | Noticed Robin
  1037 | D:2      | Reached XP level 4. HP: 31/37 MP: 4/4
  1048 | D:2      | Killed Robin
  1075 | D:2      | Found a faded altar of an unknown god.
  1391 | D:2      | Found an opulent altar of Gozag.
  1888 | D:3      | Found a radiant altar of Vehumet.
  1888 | D:3      | Found an ancient bone altar of Kikubaaqudgha.
  1891 | D:3      | Reached XP level 5. HP: 42/42 MP: 5/5
  1914 | D:3      | Found a stormy altar of Qazlal.
  1914 | D:3      | Noticed a sky beast
  1931 | D:3      | Killed a sky beast
  1932 | D:3      | Reached skill level 5 in Shields
  1932 | D:3      | Reached XP level 6. HP: 40/48 MP: 6/6
  2628 | D:4      | Found a sand-covered staircase.
  2635 | Ossuary  | Entered an ossuary
  2744 | Ossuary  | Reached XP level 7. HP: 53/55 MP: 7/7
  2782 | Ossuary  | Reached skill level 5 in Staves
  2791 | Ossuary  | Reached skill level 5 in Fighting
  2813 | Ossuary  | Noticed a silent spectre
  2968 | D:4      | Reached skill level 5 in Armour
  3065 | D:4      | Found a glowing silver altar of Zin.
  3119 | D:4      | Reached XP level 8. HP: 44/62 MP: 8/8
  3224 | D:5      | Entered Level 5 of the Dungeon
  3425 | D:5      | Found Goikuteg's Antique Armour Boutique.
  3426 | D:5      | Found Oroubaop's Antique Weapon Shoppe.
  3427 | D:5      | Found Nimioz's Magic Scroll Shoppe.
  3544 | D:5      | Found an iron altar of Okawaru.
  4602 | D:7      | Identified the "Kanuiko"
  4827 | D:7      | Found a staircase to the Ecumenical Temple.
  4863 | Temple   | Entered the Ecumenical Temple
  4882 | Temple   | Became a worshipper of the Wu Jian Council
  4964 | D:7      | Noticed Menkaure
  4974 | D:7      | Killed Menkaure
  4975 | D:7      | Reached XP level 9. HP: 23/69 MP: 9/9
  5183 | D:7      | Noticed a two-headed ogre
  5192 | D:7      | Killed a two-headed ogre
  5477 | D:7      | Noticed Prince Ribbit
  5486 | D:7      | Killed Prince Ribbit
  5487 | D:7      | Reached XP level 10. HP: 78/79 MP: 10/10
  5901 | D:8      | Identified the of Foawn
  6079 | D:8      | Reached * piety under Wu Jian
  6486 | D:8      | Reached skill level 10 in Staves
  7309 | D:9      | Reached skill level 10 in Shields
  7319 | D:9      | Reached XP level 11. HP: 87/87 MP: 11/11
  7361 | D:9      | Noticed Jeremiah
  7911 | D:9      | Killed Jeremiah
  8050 | D:9      | Found Arhuumam's General Store.
  8411 | D:10     | Entered Level 10 of the Dungeon
  8731 | D:10     | Found a staircase to the Lair.
  8909 | D:10     | Noticed Urug
  8926 | D:10     | You fall into a shaft and drop 3 floors!
  8926 | D:13     | Identified the "Paturun"
  9169 | D:13     | Noticed a cyclops
  9189 | D:12     | Noticed a skeletal warrior
  9189 | D:12     | Noticed a skeletal warrior
  9189 | D:12     | Noticed a skeletal warrior
  9189 | D:12     | Noticed a skeletal warrior
  9189 | D:12     | Noticed a skeletal warrior
  9206 | D:12     | You fall into a shaft and drop 1 floor!
  9453 | D:13     | Noticed a deep elf archer
  9455 | D:13     | Noticed a deep elf knight
  9458 | D:13     | Noticed an orc knight
  9485 | D:13     | Noticed a tengu warrior
  9502 | D:13     | Killed a tengu warrior
  9568 | D:13     | Noticed a white ugly thing
  9587 | D:13     | Killed a white ugly thing
  9588 | D:13     | Noticed a seven-headed hydra
  9601 | D:13     | Killed a seven-headed hydra
  9746 | D:13     | Killed a cyclops
  9778 | D:13     | Noticed a manticore
  9783 | D:13     | Killed a manticore
  9874 | D:13     | Noticed a centaur warrior
  9883 | D:13     | Killed a centaur warrior
 10131 | D:12     | Reached XP level 12. HP: 89/96 MP: 12/12
 10141 | D:12     | Found a staircase to the Orcish Mines.
 10316 | D:11     | Noticed a boulder beetle
 10332 | D:11     | Killed a boulder beetle
 10717 | D:10     | Killed Urug
 10718 | D:10     | Reached skill level 10 in Fighting
 11335 | D:11     | Reached skill level 10 in Armour
 11480 | D:12     | Noticed a boulder beetle
 11499 | D:12     | Killed a boulder beetle
 11815 | D:12     | Reached ** piety under Wu Jian
 11885 | D:12     | Killed a skeletal warrior
 11892 | D:12     | You fall into a shaft and drop 2 floors!
 12126 | D:14     | Noticed a centaur warrior
 12165 | D:14     | Killed from afar by a meliai

Illustrated notes

Levels and vault maps discovered:
D:1:      ldierk_walled_garden, layout_basic
D:2:      layout_loops_cross, hellmonk_ecumenical_altar_heavens_door,
          basic_altar, grunt_ministairs_12, uniq_robin
D:3:      layout_loops_ring, mainiacjoe_overflow_large_starburst,
          nicolae_qazlal_beasts_of_the_sky
D:4:      layout_loops_cross, mainiacjoe_overflow_24_doors, enter_ossuary_1,
          st_stairs_14, chequers_serial_rivers_marsh
D:5:      layout_loops_ring, lemuel_tele_altar, nicolae_wooded_promenade
D:6:      layout_basic
D:7:      layout_loops_corners, temple_pool_b, uniq_prince_ribbit1,
          uniq_menkaure
D:8:      minmay_recursive_quarters, layout_basic
D:9:      layout_loops_ring, serial_shops, nicolae_shop_trees, uniq_jeremiah
D:10:     layout_roguey, dpeg_oklobed_lair, uniq_urug
D:11:     layout_grid_maze, nicolae_figureground_pulse
D:12:     layout_roguey [special_room_bee], minmay_orc_entry_guard_dogs,
          ebering_ghost_reflecting_pool
D:13:     layout_cave_pools, grunt_vaults_entry_fortified,
          portal_ice_cave_demonic_guard, minivault_24, laboratory
D:14:     layout_basic, hangedman_decor_clover_reticule, st_stairs_6,
          uniq_josephine
Temple:   bh_familiar_temple

Skill      XL: |  1  2  3  4  5  6  7  8  9 10 11 12 |
---------------+-------------------------------------+-----
Staves         | 3 4 5 7 8 10 11 12 | 12.7
Fighting       | 4 5 6 7 8 9 10 | 10.4
Armour         | 4 5 6 7 8 9 10 | 10.3
Shields        | 5 6 7 8 10 11 12 | 12.3

Action                     |  1- 3 |  4- 6 |  7- 9 | 10-12 || total
---------------------------+-------+-------+-------+-------++-------
  Melee: Quarterstaff      |    88 |   153 |   262 |   650 ||  1153
Ability: Lunge             |       |       |     6 |    33 ||    39
         Whirlwind         |       |       |       |    29 ||    29
         Dig               |       |       |       |     2 ||     2
         Shaft Self        |       |       |       |     4 ||     4
    Use: Potion            |       |       |     1 |     3 ||     4
         Scroll            |       |       |       |    12 ||    12
 Armour: Scale mail        |    37 |       |       |       ||    37
         Plate armour      |    23 |   127 |   278 |   414 ||   842
  Dodge: Dodged            |    49 |    60 |   100 |   141 ||   350
  Block: Buckler           |    25 |    59 |   105 |   262 ||   451
         Reflection        |       |       |       |    14 ||    14

Table legend: (Time is in decaauts)
 A = Elapsed time spent in this place.
 B = Non-inter-level travel time spent in this place.
 C = Inter-level travel time spent in this place.
 D = Time resting spent in this place.
 E = Time spent auto-exploring this place.
 F = Levels seen in this place.
 G = Mean time per level.
                   A        B        C        D        E       F      G
               +--------+--------+--------+--------+--------+-----+--------+
         Total |  12858 |  12455 |    403 |   2002 |   7677 |  16 |  803.6 |
       Dungeon |  12585 |  12182 |    403 |   2002 |   7622 |  14 |  898.9 |
        Temple |     41 |     41 |      0 |      0 |      0 |   1 |   41.0 |
       Ossuary |    232 |    232 |      0 |      0 |     54 |   1 |  232.0 |
               +--------+--------+--------+--------+--------+-----+--------+

Top non-repeatable levels by time:
     D:8: 1571 daAuts
     D:7: 1336 daAuts
     D:9: 1076 daAuts
    D:13: 1036 daAuts
    D:10: 965 daAuts
    D:11: 905 daAuts
     D:3: 876 daAuts
     D:2: 859 daAuts
     D:5: 807 daAuts
     D:1: 805 daAuts
     D:4: 713 daAuts
     D:6: 692 daAuts
    D:12: 671 daAuts
    D:14: 267 daAuts
 Ossuary: 232 daAuts
